 Dungeon Crawl Stone Soup version 0.30.1-4-g462c640d31 (webtiles) character file.

Game seed: 16952510418090660112

8144 dinatorn the Basher (level 11, -1/62 HPs)
             Began as a Gargoyle Fighter on Sept 13, 2023.
             Was a Priest of Hepliaklqana.
             Slain by a seven-headed hydra (6 damage)
             ... on level 9 of the Dungeon.
             The game lasted 01:06:53 (6823 turns).

dinatorn the Basher (Gargoyle Fighter)              Turns: 6823, Time: 01:06:54

Health: -1/62      AC: 21    Str: 24    XL:     11   Next: 26%
Magic:  11/11      EV: 11    Int: 13    God:    Hepliaklqana [***...]
Gold:   424        SH: 13    Dex:  9    Spells: 10/10 levels left

rFire   + + +        f - +2 demon whip (elec)
rCold   x . .        K - +5 kite shield of Zutemyo {rF+}
rNeg    + + .        r - +5 ring mail of Jigsaw {Harm rF+ rN+ Int+4}
rPois   ∞            (no helmet)
rElec   +            M - +0 cloak
rCorr   +            (no gloves)
SInv    .            (no boots)
Will    .....        (no amulet)
Stlth   +            x - ring of fire
HPRegen 0.30/turn    G - ring of resist corrosion
MPRegen 0.12/turn

%: harm (+30% outgoing, +20% incoming)
@: no status effects
A: reduced essence, sickness immunity, AC +8, negative energy resistance 1,
electricity resistance, torment resistance 1, petrification resistance
a: Renounce Religion, Recall Ancestor, Ancestor Identity, Transference


You were on level 9 of the Dungeon.
You worshipped Hepliaklqana.
Hepliaklqana was most pleased with you.
You visited 2 branches of the dungeon, and saw 9 of its levels.

You collected 424 gold pieces.

Inventory:

Hand Weapons
 f - a +2 demon whip of electrocution (weapon)
Missiles
 i - 40 stones (quivered)
 H - a throwing net
Armour
 q - a +2 scale mail of cold resistance
 r - the +5 ring mail of Jigsaw (worn) {Harm rF+ rN+ Int+4}
   (You found it on level 4 of the Dungeon)

   Int:       It affects your intelligence (+4).
   rF:        It protects you from fire.
   rN:        It protects you from negative energy.
   Harm:      It increases damage dealt and taken.
 z - the +1 ring mail of a Gauntlet {rPois rF+ Will+ Dex+4}
   (You found it on level 5 of the Dungeon)

   Dex:       It affects your dexterity (+4).
   rF:        It protects you from fire.
   rPois:     It protects you from poison.
   Will:      It increases your willpower.
 K - the +5 kite shield of Zutemyo (worn) {rF+}
   (You found it on level 8 of the Dungeon)

   rF:        It protects you from fire.
 M - a +0 cloak (worn)
Jewellery
 x - a ring of fire (left hand)
 B - a +6 ring of dexterity
 C - a +6 ring of intelligence
 G - a ring of resist corrosion (right hand)
 L - a +6 ring of dexterity
Wands
 o - a wand of polymorph (9)
Scrolls
 a - 2 scrolls of immolation {unknown}
 b - a scroll of poison {unknown}
 c - a scroll of noise {unknown}
 g - 3 scrolls of teleportation {unknown}
 m - a scroll of amnesia {unknown}
 n - a scroll of identify
 t - a scroll of enchant armour {unknown}
 y - a scroll of silence {unknown}
 A - a scroll of blinking {unknown}
 E - a scroll of acquirement {unknown}
 I - a scroll of fear {unknown}
 J - a scroll of fog {unknown}
Potions
 d - 2 potions of invisibility
 e - 4 potions of lignification
 h - 2 potions of ambrosia
 j - 6 potions of curing
 k - 2 potions of heal wounds
 p - 2 potions of mutation {unknown}
 s - 2 potions of flight {unknown}
 u - 2 potions of might
 v - 2 potions of cancellation
 w - 3 potions of attraction
 D - a potion of experience {unknown}
 F - a potion of haste {unknown}


   Skills:
 + Level 8.5 Fighting
 * Level 11.8 Maces & Flails
 + Level 8.2 Armour
 + Level 4.8 Dodging
 - Level 3.1 Stealth
 + Level 5.5 Shields


You had 10 spell levels left.
You didn't know any spells.
Your spell library contained the following spells:

 Spells                   Type           Power      Damage    Failure   Level
 Inner Flame              Hex/Fire       0%         N/A       95%         3
 Yara's Violent Unravell  Hex/Tmut       0%         3d3       100%        5
 Enfeeble                 Hex            0%         N/A       100%        7


Dungeon Overview and Level Annotations

Branches:
Dungeon (9/15)             Temple (1/1) D:5            Lair (0/5) D:8
    Orc: D:9-12

Altars:
Ashenzari
Dithmenos
Elyvilon
Fedhas
Hepliaklqana
Kikubaaqudgha
Makhleb
Nemelex Xobeh
Okawaru
Qazlal
Ru
Sif Muna
Trog
Uskayaw
Vehumet
Wu Jian
Xom
Yredelemnul
Zin
The Shining One

Shops:
D:2 *   D:5 (:!![   D:7 (   D:8 (


Innate Abilities, Weirdness & Mutations

Your life essence is reduced to manifest your ancestor. (-10% HP)
You are immune to sickness and miasma.
Your stone body is resilient. (AC +8)
You are immune to poison.
You resist negative energy. (rN+)
You are resistant to electric shocks. (rElec)
You are resistant to unholy torment.
You are immune to petrification.


Message History

The seven-headed hydra is lightly wounded.
You block the seven-headed hydra's attack.
The seven-headed hydra bites you but does no damage. x2
You block the seven-headed hydra's attack.
The seven-headed hydra bites you but does no damage.
The seven-headed hydra bites you.
The seven-headed hydra bites you but does no damage.
You barely miss the seven-headed hydra.
The seven-headed hydra is lightly wounded.
You whack the seven-headed hydra!
The seven-headed hydra is moderately wounded.
The seven-headed hydra bites you but does no damage.
The seven-headed hydra barely misses you.
The seven-headed hydra bites you but does no damage. x2
You block the seven-headed hydra's attack. x2
The seven-headed hydra bites you.
You whack the seven-headed hydra!
The seven-headed hydra is heavily wounded.
You block the seven-headed hydra's attack.
The seven-headed hydra closely misses you.
The seven-headed hydra bites you. The seven-headed hydra bites you!
The seven-headed hydra bites you.
The seven-headed hydra bites you but does no damage.
The seven-headed hydra bites you.
You hit the seven-headed hydra.
The seven-headed hydra is heavily wounded.
The seven-headed hydra attacks as you move away!
You block the seven-headed hydra's attack.
The seven-headed hydra bites you!
* * * LOW HITPOINT WARNING * * *
The seven-headed hydra bites you.
* * * LOW HITPOINT WARNING * * *
The seven-headed hydra bites you.
* * * LOW HITPOINT WARNING * * *
The seven-headed hydra bites you but does no damage.
The seven-headed hydra closely misses you.
You block the seven-headed hydra's attack.
The seven-headed hydra attacks as you move away!
The seven-headed hydra bites you.
You die...

##.......## #....##
##......# ##.###.##
#....#.###.## ##.##
#.#.......## ##.#
###†####.##.# #.#
....## #.##.## ##.#
####.###.###.## ##..#
##...##.# ##.###...#
##.<...#.# ##..@#..#
)........# ##D##..#
##.....#.######.##..#
#.)..[.....(†).....#
##...#######.#####.#
##.## #.# #.# #.#
#.#####.# #.#
#.##....# #.#
#.##.####


You could see a seven-headed hydra.

Vanquished Creatures
  A hydra (D:9)
  A two-headed ogre (D:6)
  A tengu warrior (D:9)
  2 ugly things (D:9)
  A cyclops (D:9)
  3 yaks (D:8)
  A steam dragon (D:8)
  Menkaure (D:4)
  A water moccasin (D:9)
  7 ice beasts
  2 orc warriors (D:8)
  A sky beast (D:6)
  A black bear (D:4)
  5 centaurs
  2 ogres
  4 phantoms
  A kobold brigand (D:8)
  5 bullfrogs
  A gnoll sergeant (D:7)
  6 scorpions
  3 wights (D:8)
  2 howler monkeys (D:8)
  A jelly (D:4)
  An orc priest (D:7)
  2 gnoll boudas
  Jessica (D:2)
  2 sleepcaps
  6 orc wizards
  Ijyb (D:4)
  3 adders
  7 gnolls
  A shadow imp (D:6)
  4 worms
  A dart slug (D:1)
  20 orcs
  7 endoplasms
  3 giant cockroaches
  7 goblins
  4 hobgoblins
  4 jackals (D:2)
  8 kobolds
  A quokka (D:1)
  9 ball pythons
  5 bats (D:1)
  4 rats
154 creatures vanquished.

Vanquished Creatures (collateral kills)
  Joseph (D:8)
  A black bear (D:8)
  A sky beast (D:6)
  An ice beast (D:8)
  A phantom (D:7)
  A kobold brigand (D:7)
  2 bullfrogs
  A howler monkey (D:8)
  2 jellies (D:5)
  2 orc wizards
  4 gnolls
  2 orcs
  A goblin (D:7)
  2 kobolds (D:7)
  3 training dummies (D:7)
  A butterfly (D:5)
26 creatures vanquished.

Vanquished Creatures (others)
  3 hexers
  An ancestor (D:6)
4 creatures vanquished.

Grand Total: 184 creatures vanquished

Notes
Turn   | Place    | Note
-------+----------+-------------------------------------------
     0 | D:1      | dinatorn the Gargoyle Fighter began the quest for the Orb.
     0 | D:1      | Reached XP level 1. HP: 14/14 MP: 1/1
   170 | D:1      | Reached XP level 2. HP: 18/19 MP: 2/2
   430 | D:1      | Reached XP level 3. HP: 21/23 MP: 3/3
   894 | D:2      | Found Seosexack's Assorted Antiques.
  1251 | D:2      | Reached XP level 4. HP: 29/29 MP: 4/4
  1349 | D:2      | Noticed Jessica
  1353 | D:2      | Reached skill level 3 in Maces & Flails
  1368 | D:2      | HP: 1/29 [Jessica/+0 dagger (2)]
  1371 | D:2      | Killed Jessica
  1716 | D:2      | You fall into a shaft and drop 2 floors!
  1729 | D:4      | Noticed a phantom
  1753 | D:4      | Noticed Menkaure
  1766 | D:4      | Killed a phantom
  1767 | D:4      | Reached skill level 1 in Dodging
  1767 | D:4      | Reached XP level 5. HP: 5/33 MP: 5/5
  1771 | D:4      | Reached skill level 4 in Maces & Flails
  1774 | D:4      | Killed Menkaure
  1775 | D:4      | Reached XP level 6. HP: 7/38 MP: 6/6
  1910 | D:4      | Found a hazy altar of Hepliaklqana.
  1916 | D:4      | Became a worshipper of Hepliaklqana the Forgotten
  1965 | D:4      | Noticed Ijyb
  1973 | D:4      | Killed Ijyb
  2016 | D:4      | Identified the +5 ring mail of Jigsaw {Harm rF+ rN+ Int+4}
  2035 | D:4      | Reached skill level 5 in Maces & Flails
  2206 | D:4      | Reached XP level 7. HP: 43/44 MP: 7/7
  2446 | D:4      | Found a sparkling altar of Nemelex Xobeh.
  2564 | D:4      | Reached skill level 5 in Armour
  2769 | D:5      | Entered Level 5 of the Dungeon
  2779 | D:5      | Reached skill level 5 in Fighting
  2783 | D:5      | Reached * piety under Hepliaklqana
  2821 | D:5      | Found a staircase to the Ecumenical Temple.
  2830 | D:5      | Identified the +1 ring mail of a Gauntlet {rPois rF+ Will+
                  | Dex+4}
  2865 | D:5      | Reached skill level 6 in Maces & Flails
  2882 | D:5      | Reached skill level 1 in Stealth
  2889 | Temple   | Entered the Ecumenical Temple
  3126 | D:5      | Found Ygraoc's Weapon Boutique.
  3128 | D:5      | Found Duzxyfu's Distillery.
  3129 | D:5      | Found Jopir's Book Boutique.
  3140 | D:5      | Reached XP level 8. HP: 44/44 MP: 8/8
  3149 | D:5      | Found Fisiogiyb's Distillery.
  3314 | D:5      | Found Zyong's Antique Armour Boutique.
  3713 | D:6      | Reached skill level 7 in Maces & Flails
  3783 | D:6      | Reached skill level 8 in Maces & Flails
  3786 | D:6      | Reached XP level 9. HP: 47/49 MP: 9/9
  3807 | D:6      | Found a blossoming altar of Fedhas.
  3823 | D:6      | Reached ** piety under Hepliaklqana
  3824 | D:6      | Remembered your ancestor Nebetia as a hexer
  3861 | D:6      | Noticed a two-headed ogre
  3868 | D:6      | Killed a two-headed ogre
  3869 | D:6      | Reached skill level 9 in Maces & Flails
  4054 | D:6      | Identified the staff of air "Zokhlebla" {rElec rN+ Int+2}
  4570 | D:7      | Found a flagged portal.
  4872 | D:7      | Reached skill level 10 in Maces & Flails
  4941 | D:7      | Identified the +1 ring mail of the Wasteland {Str+4 Int+2}
  4957 | D:7      | Found a shadowy altar of Dithmenos.
  4984 | D:7      | Reached XP level 10. HP: 56/56 MP: 10/10
  5130 | D:7      | Found Ramummili's Firing Range.
  5527 | D:8      | Identified the +5 kite shield of Zutemyo {rF+}
  5809 | D:8      | Found Paoxt's Antique Weapon Shop.
  5825 | D:8      | Noticed Joseph
  5834 | D:8      | Reached skill level 11 in Maces & Flails
  5840 | D:8      | Killed Joseph
  6058 | D:8      | Found a staircase to the Lair.
  6363 | D:9      | Reached *** piety under Hepliaklqana
  6442 | D:9      | Noticed a five-headed hydra
  6442 | D:9      | Noticed a seven-headed hydra
  6442 | D:9      | Noticed a cyclops
  6460 | D:9      | Noticed a green ugly thing
  6464 | D:9      | Noticed a purple ugly thing
  6467 | D:9      | Killed a five-headed hydra
  6468 | D:9      | Reached skill level 5 in Shields
  6737 | D:9      | Reached XP level 11. HP: 61/61 MP: 11/11
  6789 | D:9      | Noticed a tengu warrior
  6790 | D:9      | Killed a green ugly thing
  6793 | D:9      | Killed a cyclops
  6795 | D:9      | Killed a purple ugly thing
  6815 | D:9      | Killed a tengu warrior
  6823 | D:9      | Slain by a seven-headed hydra

Illustrated notes

Levels and vault maps discovered:
D:1:      minmay_arrival_arboretum_small, layout_loops_ring,
          dreamdust_princess_corridor
D:2:      layout_basic, serial_shops, shop, uniq_jessica
D:4:      layout_loops_ring, nemelex_diamond_rough_becter,
          mainiacjoe_overflow_boulevard, dk_vineyard_2, uniq_menkaure, uniq_ijyb
D:5:      layout_cave_pools, minmay_temple_entry_butterflies, serial_shops,
          nicolae_shop_rolling_square, minmay_shop_grid_forest
D:6:      layout_cave_pods, minmay_ruined_shrine
D:7:      kennysheep_spiral_hall, layout_basic,
          mainiacjoe_overflow_tiny_flanked, enter_bailey_5,
          nicolae_shop_firing_range
D:8:      layout_basic, grunt_lair_entry_orc_guard_hut, serial_shops,
          nicolae_shop_behind_doors, minmay_misc_feat_enclosed, minivault_10,
          uniq_joseph
D:9:      old_forge, layout_loops_ring, david_orc_5, minivault_28
Temple:   minmay_crystal_spiral_temple

Skill      XL: |  1  2  3  4  5  6  7  8  9 10 11 |
---------------+----------------------------------+-----
Maces & Flails | 3 4 5 6 8 10 11 | 11.8
Armour         | 4 5 6 7 8 |  8.2
Dodging        | 1 2 3 4 |  4.8
Fighting       | 4 5 6 7 8 |  8.5
Stealth        | 1 2 3 |  3.1
Shields        | 5 |  5.5

Action                     |  1- 3 |  4- 6 |  7- 9 | 10-12 || total
---------------------------+-------+-------+-------+-------++-------
  Melee: Flail             |   132 |   107 |       |       ||   239
         Punch             |       |     2 |       |       ||     2
         Demon whip        |       |       |   160 |   157 ||   317
  Throw: Stone             |     2 |       |     1 |     1 ||     4
 Invoke: Ancestor Life: He |       |       |     1 |       ||     1
         Ancestor Identity |       |       |     1 |       ||     1
    Use: Potion            |       |     3 |       |       ||     3
         Scroll            |       |       |     3 |     5 ||     8
   Stab: Confused          |       |       |     1 |     4 ||     5
 Armour: Scale mail        |    84 |    30 |       |       ||   114
         Skin              |       |    18 |       |       ||    18
         Ring mail         |       |     5 |    75 |    59 ||   139
         Chain mail        |       |     3 |       |       ||     3
  Dodge: Dodged            |    81 |    49 |    54 |    36 ||   220
  Block: Buckler           |     5 |       |       |    10 ||    15
         Kite shield       |       |       |       |    67 ||    67
